Map: Emerald City LE

Players

Massa - Winner!

  • Race: Terran Terran
  • League: Platinum
  • Spawn Location: 11:00

qqq - Winner!

  • Race: Zerg Zerg
  • League: Platinum
  • Spawn Location: 11:00

seb

  • Race: Terran Terran
  • Spawn Location: 5:00

TITOF

  • Race: Protoss Protoss
  • Spawn Location: 5:00

VOD

Have the link to the VOD?

Description

Time

  • Played on: Nov. 19, 2020, 3:16 p.m.
  • Length: 29:35
Show
View Real Time Build Order
Export as new Build Order

Massa Terran - Winner!

Build Orders:  

Get SALT Encoding   

  12  0:04  SCV  
  13  0:16  SCV  
  14  0:27  Supply Depot  
  14  0:28  SCV  
  15  0:43  Refinery  
  15  0:48  SCV  
  15  0:49  Barracks  
  16  1:00  SCV  
  17  1:13  SCV  
  18  1:26  SCV  
  18  1:30  Refinery  
  19  1:47  Supply Depot  
  19  1:58  Factory  
  19  2:29  Barracks  
  19  2:30  Barracks  
  19  2:32  Reaper  
  20  2:43  Hellion  
  22  2:55  Orbital Command  
  22  3:04  Marine  
  23  3:07  Factory Tech Lab  
  23  3:33  Supply Depot  
  23  3:47  Command Center  
  23  3:54  Siege Tank  
  26  4:08  SCV  
  27  4:10  Barracks Reactor, Barracks Tech Lab  
  27  4:18  Barracks Reactor  
  27  4:20  SCV  
  27  4:32  SCV  
  28  4:39  Marauder  
  28  4:40  Stimpack  
  28  4:44  SCV  
  31  4:57  Supply Depot  
  31  4:58  SCV, Marine x2  
  31  4:59  Supply Depot  
  34  5:00  Marine  
  34  5:02  Engineering Bay  
  34  5:06  Orbital Command, Supply Depot  
  35  5:10  SCV  
  36  5:22  SCV  
  36  5:26  Siege Tank  
  40  5:34  SCV  
  40  5:35  Missile Turret  
  41  5:36  SCV  
  42  5:47  SCV  
  42  5:48  SCV, Marine  
  42  5:49  Marauder, Marine x3  
  49  6:17  Missile Turret  
  49  6:18  Marine x2  
  47  6:29  Marauder  
  47  6:30  Combat Shield  
  49  6:33  Cyclone  
  49  6:42  Marine  
  49  6:43  Marine  
  49  6:51  Marauder  
  49  6:53  SCV  
  49  6:54  SCV  
  52  7:02  Missile Turret  
  52  7:06  SCV x2  
  52  7:07  Terran Infantry Weapons Level 1  
  54  7:18  SCV x2  
  54  7:19  Widow Mine  
  54  7:21  Marine x3  
  61  7:30  SCV  
  61  7:35  SCV  
  63  7:42  SCV  
  63  7:43  Supply Depot  
  64  7:45  Supply Depot  
  64  7:48  SCV  
  65  7:54  SCV  
  66  8:00  SCV  
  67  8:06  SCV  
  67  8:12  SCV  
  69  8:18  SCV  
  69  8:19  Refinery  
  70  8:21  Refinery  
  70  8:24  SCV  
  70  8:25  Command Center  
  71  8:27  Command Center  
  71  8:28  Concussive Shells  
  71  8:29  Marauder  
  71  8:30  SCV  
  74  8:50  Marauder  
  74  8:53  Marine x3  
  79  8:57  Cyclone  
  79  9:00  Armory  
  79  9:02  Supply Depot  
  80  9:05  Supply Depot  
  80  9:12  Marauder  
  80  9:13  Marine x2  
  80  9:14  Marine x2  
  86  9:20  Missile Turret  
  86  9:25  Terran Infantry Armor Level 1  
  86  9:31  Starport, Marine x2  
  86  9:33  Marauder  
  90  9:38  Starport  
  90  10:03  Terran Vehicle And Ship Armor Level 1  
  90  10:07  Armory, Marine x3  
  90  10:08  Marine x2  
  90  10:09  Starport Reactor  
  95  10:25  Marine x2  
  97  10:28  SCV  
  97  10:40  Missile Turret x2  
  97  10:42  Missile Turret  
  94  10:43  SCV, Missile Turret  
  94  10:46  Planetary Fortress  
  95  10:51  SCV, Missile Turret  
  95  10:55  SCV  
  97  10:59  Missile Turret  
  97  11:03  SCV  
  98  11:06  Starport Reactor  
  98  11:07  SCV  
  98  11:08  Viking x2  
  103  11:15  SCV  
  104  11:20  SCV  
  105  11:38  Viking  
  101  11:47  Siege Tank  
  101  11:51  Missile Turret  
  101  11:53  Planetary Fortress, Missile Turret  
  104  11:54  SCV x2  
  104  11:55  SCV  
  107  12:05  Missile Turret  
  107  12:07  SCV x3  
  110  12:15  Missile Turret x2  
  110  12:17  Missile Turret  
  110  12:19  Siege Tank  
  113  12:25  Sensor Tower  
  113  12:27  Missile Turret  
  113  12:28  SCV x3, Missile Turret x2  
  116  12:30  Command Center  
  116  12:35  Terran Vehicle And Ship Armor Level 2, Terran Ship Weapons Level 1  
  116  12:37  Terran Infantry Armor Level 2, Missile Turret  
  116  12:39  Missile Turret  
  116  12:40  SCV x2, Marine x2  
  120  12:49  Missile Turret  
  120  12:51  SCV x2  
  120  12:52  SCV x2  
  123  13:03  SCV  
  122  13:13  Missile Turret  
  122  13:14  Missile Turret x2  
  122  13:15  Missile Turret  
  121  13:54  Marauder, Marine x2  
  121  13:55  Marine x2  
  127  14:02  Barracks  
  127  14:03  Barracks  
  127  14:06  Barracks  
  127  14:12  Marine x3  
  127  14:13  Marine, Medivac x3  
  127  14:14  Medivac  
  127  14:15  Barracks x2  
  127  14:16  Marauder  
  141  14:18  Barracks  
  141  14:20  Barracks  
  141  14:30  Marine x2  
  143  14:37  Marauder  
  145  14:43  Medivac  
  147  14:52  Orbital Command  
  147  15:02  Terran Ship Weapons Level 2, Supply Depot  
  147  15:04  Barracks Reactor, Supply Depot  
  147  15:05  Barracks Tech Lab, Supply Depot  
  147  15:06  Barracks Tech Lab  
  147  15:07  Barracks Tech Lab  
  147  15:09  Supply Depot  
  147  15:16  SCV x4  
  147  15:18  Marauder  
  140  15:28  SCV x4  
  144  15:31  Supply Depot  
  144  15:33  Supply Depot  
  144  15:35  Supply Depot  
  144  15:40  SCV  
  144  15:41  Sensor Tower  
  145  15:45  Refinery  
  145  15:48  Refinery  
  145  15:50  Thor  
  150  15:57  Supply Depot  
  150  15:58  Supply Depot  
  150  16:13  Marauder x4  
  150  16:15  Barracks Tech Lab x2, Marine x2  
  150  16:16  Marine x4  
  164  16:33  Marine x3, Thor  
  164  16:34  Marauder x2  
  164  16:35  Marauder x2  
  176  16:55  Marauder  
  176  16:56  Marauder x2  
  176  17:23  Marauder  
  176  17:24  Marauder x5, Marine x3  
  176  17:25  Marine x3  
  190  17:36  Viking x4  
  198  17:45  Marauder  
  153  18:05  Marauder x5  
  118  18:06  Marauder, Marine x6, Viking x4  
  127  18:22  Refinery x2  
  127  18:23  Marine  
  127  18:24  Marine x5  
  127  18:26  Marauder x2, Marine x3  
  140  18:27  Marine  
  141  18:35  Medivac  
  141  18:36  Medivac x3  
  149  18:41  Marine  
  149  18:44  Siege Tank  
  149  18:46  Marauder x4, Marine x3  
  149  18:47  Marauder, Marine x3  
  169  18:59  Command Center  
  169  19:16  Siege Tank  
  172  19:19  Terran Vehicle Weapons Level 1  
  172  19:21  Terran Infantry Weapons Level 2  
  166  20:14  Command Center  
  166  20:22  Siege Tank  
  142  20:55  Siege Tank  
  142  20:58  Marauder x3  
  142  20:59  Marauder x3, Marine x3  
  157  21:08  Marine x3  
  157  21:16  Marine  
  157  21:17  Marine x2  
  160  21:19  Medivac x4  
  160  21:20  Marauder x4  
  176  21:27  Missile Turret x3, Siege Tank  
  176  21:28  Planetary Fortress, Missile Turret  
  179  21:33  Missile Turret  
  179  21:37  Terran Infantry Armor Level 3  
  178  21:49  Missile Turret x2  
  177  21:55  Missile Turret  
  177  21:59  Refinery  
  176  22:18  Missile Turret  
  174  22:38  Missile Turret  
  78  23:19  Marauder  
  88  23:20  Marauder x5, Marine  
  88  23:21  Marine x5  
  88  23:22  Thor  
  99  23:38  Marine  
  99  23:39  Marine x5  
  99  23:41  Marauder x5, Marine  
  114  23:44  Terran Vehicle Weapons Level 2  
  114  23:45  Terran Vehicle And Ship Armor Level 3  
  112  23:49  SCV  
  112  23:50  SCV x4  
  117  23:56  Marine x4  
  117  23:57  Marine x2  
  117  24:01  SCV  
  124  24:05  Thor  
  124  24:09  Barracks Tech Lab  
  130  24:10  Viking  
  130  24:11  Viking, Medivac x2  
  130  24:13  Marauder x2  
  130  24:14  Marauder x3, Marine x3  
  130  24:15  Marine  
  152  24:19  Marine x3  
  155  24:32  Marine x3  
  155  24:33  Marine  
  155  24:34  Terran Infantry Weapons Level 3, Marine x3  
  155  24:35  Marine  
  163  24:48  Thor  
  169  25:05  Marauder x3, Marine  
  176  25:08  Marauder  
  176  25:09  Marauder x3, Marine x5, Command Center  
  176  25:11  Missile Turret  
  189  25:23  Marine  
  189  25:24  Factory  
  189  25:26  Marine x4  
  189  25:27  Marauder  
  194  25:31  Siege Tank  
  197  25:36  Medivac  
  191  26:39  Missile Turret  
  191  26:40  Refinery, Missile Turret  
  191  26:42  Refinery  
  180  27:00  Missile Turret  
  165  27:02  Missile Turret  
  84  27:27  Marauder  
  84  27:28  Marauder x6, Marine  
  84  27:29  Marine x5  
  84  27:30  Viking x2  
  76  27:46  Marine  
  76  27:47  Marine x5  
  76  27:49  Marauder x6, Planetary Fortress  
  76  27:50  Marauder  
  88  27:52  Missile Turret  
  88  28:03  Thor  
  88  28:04  Marine  
  92  28:10  Marauder x2  
  96  28:14  Viking x4  
  93  28:44  Viking  
  78  29:13  Marauder x2, Marine  
  78  29:14  Marauder, Marine  
  100  29:33  Factory Tech Lab  
Show
View Real Time Build Order
Export as new Build Order

qqq Zerg - Winner!

Build Orders: Hatch First 

Get SALT Encoding   

  12  0:00  Drone  
  13  0:12  Drone  
  14  0:28  Overlord  
  14  0:46  Hatchery  
  13  0:51  Drone  
  13  0:52  Drone  
  13  0:55  Drone  
  16  1:07  Drone  
  17  1:19  Spawning Pool  
  16  1:28  Drone  
  17  1:41  Extractor  
  16  2:09  Drone x3  
  16  2:11  Queen  
  21  2:23  Drone x3  
  21  2:27  Drone  
  21  2:28  Extractor  
  24  2:35  Spine Crawler  
  22  3:03  Drone x2  
  22  3:04  Drone  
  22  3:05  Zergling x6  
  28  3:30  Overlord x2  
  28  3:31  Hatchery  
  28  3:33  Extractor  
  26  3:35  Drone x2, Extractor  
  27  3:48  Drone x2  
  27  3:52  Lair  
  27  3:53  Drone x2  
  31  4:03  Drone x3  
  31  4:05  Drone  
  35  4:12  Drone  
  36  4:23  Overlord  
  36  4:24  Drone  
  36  4:27  Drone  
  38  4:36  Drone  
  39  4:44  Drone  
  40  4:46  Drone  
  41  4:56  Queen  
  41  4:58  Drone x2  
  45  5:03  Drone x3  
  45  5:04  Spire  
  45  5:05  Drone x2  
  49  5:12  Overseer  
  49  5:15  Spore Crawler  
  48  5:24  Drone  
  48  5:26  Drone  
  48  5:27  Drone  
  48  5:28  Drone x4  
  54  5:32  Hatchery  
  54  5:36  Drone, Baneling Nest  
  54  5:37  Drone  
  54  5:40  Extractor  
  54  5:45  Overseer  
  54  5:47  Pneumatized Carapace  
  54  5:54  Zergling x2  
  55  6:12  Spore Crawler  
  54  6:18  Drone x2  
  54  6:19  Drone x2  
  54  6:20  Overlord x2  
  54  6:22  Overlord  
  58  6:35  Overlord  
  58  6:42  Hatchery  
  57  6:48  Mutalisk  
  57  6:49  Mutalisk x6  
  57  6:52  Drone  
  72  6:55  Hatchery x2  
  70  7:11  Drone x4  
  70  7:12  Drone  
  75  7:19  Corruptor x3  
  81  7:26  Infestation Pit  
  80  7:40  Drone x3  
  80  7:41  Drone x5  
  80  7:42  Mutalisk  
  80  7:43  Corruptor  
  92  7:57  Corruptor, Zerg Flyer Weapons Level 1  
  94  8:01  Drone x5  
  94  8:04  Extractor  
  94  8:05  Extractor  
  97  8:06  Extractor x2  
  97  8:07  Drone, Queen  
  98  8:16  Drone x2  
  98  8:18  Corruptor x2  
  98  8:19  Overlord x3  
  105  8:20  Drone x5  
  105  8:21  Drone  
  110  8:31  Drone x4  
  114  8:35  Overlord x2  
  114  8:37  Overlord x2  
  114  8:41  Overlord  
  114  8:42  Mutalisk  
  114  8:43  Queen  
  114  8:45  Hive  
  114  8:53  Corruptor  
  114  8:54  Corruptor x2  
  114  8:59  Baneling x6  
  114  9:00  Baneling x2  
  114  9:02  Corruptor  
  116  9:05  Drone x4  
  120  9:28  Drone x3  
  123  9:35  Corruptor x2  
  123  9:36  Mutalisk, Corruptor  
  123  9:37  Zergling x4  
  133  9:38  Zergling x2  
  133  9:39  Zergling x12  
  133  9:40  Zergling x4  
  133  9:42  Spore Crawler  
  137  9:51  Corruptor x4  
  145  9:53  Drone x7  
  145  9:54  Drone  
  153  10:03  Spore Crawler  
  153  10:04  Spore Crawler  
  153  10:05  Spine Crawler  
  153  10:06  Spore Crawler  
  149  10:10  Baneling x12  
  149  10:11  Baneling x3, Viper  
  149  10:13  Drone, Spore Crawler  
  149  10:14  Drone x2  
  149  10:20  Spore Crawler  
  148  10:26  Spore Crawler  
  147  10:43  Viper x3  
  147  10:45  Drone x3  
  147  10:46  Drone x6  
  147  10:47  Mutalisk x2, Corruptor  
  171  10:53  Zerg Flyer Armor Level 1  
  154  11:28  Mutalisk x4  
  154  11:29  Mutalisk  
  154  11:30  Zergling x10  
  154  11:31  Zergling x4  
  171  11:37  Ultralisk Cavern, Evolution Chamber x2  
  171  11:38  Drone x2  
  171  11:39  Drone  
  169  12:09  Spine Crawler, Spore Crawler  
  167  12:17  Queen  
  166  12:36  Corruptor x2  
  170  12:38  Overlord x2  
  170  12:39  Overlord x5  
  170  12:47  Zerg Flyer Weapons Level 2  
  170  12:56  Queen  
  172  13:12  Metabolic Boost  
  172  13:15  Zerg Melee Weapons Level 1, Zerg Ground Armor Level 1  
  172  13:36  Drone x3  
  172  13:37  Drone  
  172  13:38  Ultralisk x3  
  158  14:04  Viper x3  
  158  14:05  Mutalisk x5  
  161  14:21  Mutalisk x4  
  161  14:22  Mutalisk x7  
  161  14:23  Mutalisk  
  168  14:42  Anabolic Synthesis  
  168  14:49  Overseer  
  168  14:51  Mutalisk x3  
  174  14:55  Extractor  
  174  14:56  Extractor  
  174  14:59  Extractor  
  171  15:00  Extractor  
  171  15:02  Zerg Flyer Armor Level 2  
  168  15:24  Chitinous Plating  
  147  15:57  Mutalisk x3, Ultralisk x2  
  147  15:58  Mutalisk x4  
  147  15:59  Mutalisk x3  
  179  16:05  Drone x5  
  179  16:08  Spine Crawler  
  179  16:10  Spine Crawler  
  179  16:11  Spine Crawler x3  
  180  16:16  Spine Crawler  
  180  16:17  Spine Crawler  
  180  16:18  Zerg Ground Armor Level 2, Zerg Melee Weapons Level 2  
  123  16:55  Mutalisk x3  
  123  16:56  Mutalisk x2  
  123  16:57  Zergling x8  
  123  16:58  Zergling x8  
  123  16:59  Drone x2  
  141  17:21  Hatchery  
  134  17:26  Corruptor x6  
  134  17:27  Mutalisk x2  
  134  17:28  Viper  
  146  17:36  Corruptor x3  
  142  17:38  Hatchery  
  142  17:42  Corruptor x3  
  143  17:44  Zergling x4  
  143  17:45  Zergling x6  
  143  17:50  Queen  
  150  18:02  Mutalisk, Corruptor x2  
  150  18:04  Zergling x2  
  150  18:05  Zergling x4  
  153  18:24  Hatchery  
  152  18:42  Baneling x6  
  152  18:43  Baneling x24  
  152  18:45  Zergling x10  
  139  19:28  Spire  
  133  19:32  Ultralisk Cavern, Spore Crawler  
  133  19:33  Spore Crawler  
  133  19:34  Spore Crawler  
  133  19:35  Corruptor x4  
  133  19:36  Mutalisk  
  133  19:38  Zergling x12  
  142  19:39  Zergling x2  
  142  19:44  Lair  
  135  20:08  Mutalisk x3  
  135  20:10  Mutalisk x3  
  146  20:26  Drone x2  
  148  20:45  Hatchery  
  147  20:50  Hatchery  
  147  20:51  Spore Crawler  
  147  20:52  Spore Crawler  
  147  20:53  Spore Crawler  
  141  21:05  Spine Crawler  
  141  21:06  Spore Crawler  
  131  21:32  Mutalisk  
  131  21:33  Mutalisk  
  131  21:34  Mutalisk x2  
  131  21:36  Hive  
  131  21:38  Spore Crawler  
  138  22:06  Mutalisk x2  
  138  22:07  Ultralisk x2  
  154  22:08  Zergling x4  
  154  22:09  Zergling x6  
  157  22:30  Mutalisk x5  
  151  22:50  Spore Crawler  
  149  22:53  Corruptor x3  
  149  22:54  Overlord x2  
  130  23:22  Zerg Flyer Weapons Level 3  
  130  23:27  Drone x3  
  121  23:39  Drone  
  120  23:43  Viper x2  
  120  23:45  Zergling x8  
  130  23:53  Hatchery  
  127  24:20  Corruptor x2  
  127  24:21  Mutalisk  
  129  24:58  Mutalisk, Corruptor  
  133  25:01  Drone x3  
  136  25:11  Spine Crawler x2  
  136  25:14  Spine Crawler  
  132  25:16  Spine Crawler  
  131  25:31  Mutalisk x2  
  131  25:32  Drone x2  
  131  25:33  Drone  
  138  25:48  Drone x3  
  140  25:59  Zerg Flyer Armor Level 3  
  140  26:13  Hatchery  
  140  26:16  Drone x3  
  142  26:19  Hatchery, Spine Crawler x2  
  142  26:20  Spine Crawler  
  142  26:21  Spine Crawler  
  142  26:24  Spore Crawler  
  136  26:29  Hatchery  
  131  26:51  Viper x2  
  117  27:48  Mutalisk  
  117  27:49  Mutalisk x2  
  123  27:53  Zergling x6  
  123  27:54  Drone x7  
  123  27:55  Drone  
  107  28:36  Drone x3  
  107  28:37  Drone x4  
  112  28:53  Hatchery  
  109  28:57  Hatchery  
  109  28:58  Hatchery  
  109  29:02  Spore Crawler  
  106  29:04  Spore Crawler  
  106  29:06  Spore Crawler x2  
  106  29:07  Spore Crawler  
  106  29:08  Drone x4  
  106  29:09  Drone x4  
  110  29:11  Spore Crawler  
  110  29:12  Spore Crawler  
  110  29:14  Spore Crawler x2  
  105  29:19  Hatchery  
Show
View Real Time Build Order
Export as new Build Order

seb Terran 

Build Orders: Gas First Reaper Expand 

Get SALT Encoding   

  12  0:00  SCV  
  13  0:12  SCV  
  14  0:18  Supply Depot  
  14  0:24  SCV  
  15  0:31  Refinery  
  15  0:41  Barracks  
  15  0:44  SCV  
  16  1:13  SCV  
  17  1:25  SCV  
  18  1:29  Reaper  
  19  1:37  Orbital Command  
  19  1:49  Command Center  
  19  2:04  SCV, Factory  
  20  2:11  Refinery  
  20  2:16  Marine  
  20  2:18  SCV  
  22  2:28  Supply Depot  
  22  2:40  Marine  
  23  2:58  SCV, Marine  
  24  2:59  Factory Tech Lab  
  25  3:09  Orbital Command  
  25  3:10  SCV  
  26  3:13  Bunker  
  26  3:16  Marine  
  27  3:22  SCV  
  27  3:25  Siege Tank  
  31  3:34  Marine  
  31  3:35  SCV  
  33  3:42  SCV  
  34  3:50  Starport  
  34  3:51  SCV  
  34  3:52  Marine  
  36  4:01  SCV, Bunker  
  37  4:07  SCV  
  37  4:09  Marine  
  41  4:10  Siege Tank  
  41  4:13  SCV  
  41  4:14  Supply Depot  
  43  4:19  SCV  
  43  4:21  Refinery  
  44  4:25  Refinery  
  44  4:26  SCV  
  44  4:27  Marine  
  46  4:35  Liberator  
  46  4:36  Supply Depot  
  49  4:45  Marine  
  49  4:47  Engineering Bay  
  51  4:52  SCV  
  51  5:00  SCV  
  51  5:03  Marine  
  53  5:10  Starport, SCV  
  53  5:11  Starport  
  54  5:21  Starport Tech Lab, Marine  
  55  5:26  Widow Mine  
  55  5:28  SCV x2  
  59  5:36  Command Center  
  59  5:39  Marine, Terran Infantry Weapons Level 1  
  59  5:40  SCV  
  61  5:47  Armory  
  61  5:49  Starport Tech Lab x2  
  61  5:55  Widow Mine, SCV  
  61  5:56  Marine  
  65  5:58  Supply Depot  
  65  6:13  Banshee  
  65  6:14  Marine  
  65  6:15  Cloaking Field  
  69  6:19  Banshee  
  72  6:31  SCV  
  72  6:32  SCV  
  74  6:39  Terran Ship Weapons Level 1  
  74  6:44  Armory  
  74  6:46  Marine  
  72  6:48  Banshee  
  72  6:50  Hyperflight Rotors  
  72  6:52  SCV  
  76  6:56  Banshee  
  76  6:58  Missile Turret  
  79  7:07  Siege Tank  
  82  7:09  Banshee  
  82  7:10  SCV  
  82  7:13  SCV  
  87  7:22  Planetary Fortress  
  87  7:26  Missile Turret  
  87  7:27  SCV x2  
  89  7:30  Banshee  
  92  7:39  SCV, Missile Turret  
  92  7:41  Missile Turret  
  93  7:44  Missile Turret  
  93  7:48  SCV  
  93  7:53  Refinery  
  93  7:54  Missile Turret  
  93  7:57  Supply Depot  
  93  8:07  SCV  
  93  8:18  SCV x2  
  93  8:19  Refinery, SCV  
  96  8:22  Supply Depot  
  96  8:27  Missile Turret  
  96  8:30  SCV x2, Missile Turret  
  96  8:31  SCV  
  96  8:33  Missile Turret  
  99  8:42  SCV x2  
  99  8:44  Banshee x2  
  99  8:45  Marine, Supply Depot  
  107  9:03  Marine  
  107  9:09  Banshee  
  111  9:10  Supply Depot  
  111  9:12  SCV  
  112  9:20  Marine  
  112  9:21  Terran Ship Weapons Level 2  
  112  9:23  Terran Vehicle And Ship Armor Level 1  
  113  9:27  Banshee  
  113  9:28  Missile Turret  
  116  9:31  Banshee  
  116  9:32  Widow Mine  
  116  9:33  Supply Depot  
  121  9:38  Marine  
  121  9:42  Supply Depot  
  122  9:46  SCV  
  122  9:51  Banshee  
  126  9:53  Widow Mine  
  126  9:56  Marine  
  129  10:05  Command Center  
  129  10:09  Banshee  
  132  10:14  Banshee, Thor  
  141  10:31  Marine  
  141  10:34  Banshee  
  121  10:49  Terran Infantry Armor Level 1, Marine  
  122  10:52  Banshee  
  125  10:57  Banshee, Factory  
  125  10:58  Factory  
  128  11:15  SCV x2  
  128  11:17  Banshee  
  128  11:18  Planetary Fortress  
  133  11:22  Command Center  
  133  11:23  SCV  
  133  11:24  Marine  
  131  11:27  SCV  
  129  11:35  Banshee  
  126  11:40  Banshee  
  126  11:42  Marine  
  130  11:50  Factory Tech Lab x2  
  130  11:53  Thor  
  136  11:57  Terran Vehicle Weapons Level 1  
  136  11:58  Terran Vehicle And Ship Armor Level 2  
  136  11:59  Marine  
  137  12:06  Refinery  
  137  12:09  Missile Turret  
  137  12:10  Missile Turret  
  137  12:11  Missile Turret  
  137  12:12  Missile Turret  
  137  12:16  Missile Turret  
  137  12:17  Marine  
  137  12:19  Refinery  
  138  12:29  Thor  
  138  12:30  Thor  
  138  12:35  Marine  
  138  12:36  Thor  
  157  12:41  Planetary Fortress  
  157  12:53  Marine  
  157  12:55  Fusion Core  
  155  13:04  Missile Turret  
  149  13:11  Marine  
  144  13:13  Command Center  
  144  13:19  Thor x2  
  150  13:20  Thor  
  150  13:24  Missile Turret  
  152  13:28  Marine  
  152  13:33  Barracks  
  153  13:46  Marine  
  153  13:48  Command Center  
  154  14:02  Thor x3  
  160  14:04  Marine  
  172  14:19  Drilling Claws  
  172  14:22  Marine  
  172  14:29  Battlecruiser  
  177  14:32  Weapon Refit  
  177  14:38  Terran Vehicle Weapons Level 2  
  175  14:40  Marine  
  178  14:46  Widow Mine  
  178  14:51  Widow Mine  
  177  14:57  Marine  
  177  14:59  Thor, Battlecruiser  
  190  15:02  Planetary Fortress  
  190  15:06  Missile Turret  
  192  15:07  Widow Mine  
  192  15:12  Widow Mine  
  194  15:26  Missile Turret  
  194  16:32  Refinery  
  194  16:34  Refinery  
  194  16:40  Widow Mine x2, SCV, Marine  
  194  16:41  Supply Depot  
  194  16:42  Supply Depot, Battlecruiser  
  194  16:43  Thor, Battlecruiser  
  194  16:44  Battlecruiser  
  158  16:58  Marine  
  159  17:01  Thor  
  158  17:15  Marine  
  158  17:18  Command Center  
  159  17:24  Missile Turret  
  159  17:33  Marine  
  158  17:46  Battlecruiser  
  158  17:48  Battlecruiser  
  158  17:49  Battlecruiser  
  172  17:51  Marine  
  166  18:09  Marine  
  160  18:15  SCV  
  161  18:21  SCV x2  
  161  18:27  Marine  
  163  18:29  Missile Turret x2  
  163  18:30  Missile Turret  
  159  18:42  Siege Tank  
  159  18:44  Marine  
  159  18:45  Terran Ship Weapons Level 3  
  159  18:46  Terran Vehicle And Ship Armor Level 3  
  163  18:50  Battlecruiser  
  163  18:52  Battlecruiser  
  163  18:53  Refinery, Battlecruiser  
  181  19:02  Marine  
  182  19:14  Siege Tank  
  179  19:20  Marine  
  171  19:25  Command Center  
  171  19:38  Marine  
  160  19:54  Battlecruiser  
  160  19:56  Marine, Battlecruiser  
  160  19:57  Battlecruiser  
  161  20:03  SCV  
  161  20:04  SCV x2  
  161  20:05  SCV x2  
  156  20:08  Refinery  
  156  20:14  Marine  
  157  20:18  Planetary Fortress  
  156  20:31  Marine  
  150  20:49  Marine  
  141  20:56  SCV  
  132  20:59  Battlecruiser  
  132  21:00  Battlecruiser  
  132  21:01  Battlecruiser  
  149  21:07  Marine  
  149  21:08  SCV  
  133  21:21  SCV x5  
  133  21:25  Marine  
  139  21:33  SCV x2  
  141  21:40  Thor x3  
  141  21:43  Marine  
  141  21:45  Missile Turret x2  
  141  21:46  Missile Turret  
  160  22:03  Battlecruiser  
  165  22:08  Marine  
  163  22:21  Marine  
  163  22:23  Thor x2  
  163  22:26  Marine  
  170  22:31  SCV  
  168  22:39  Marine  
  168  22:42  Command Center  
  169  22:44  Marine  
  163  23:10  Missile Turret  
  163  23:19  Marine x2  
  135  23:29  Missile Turret  
  117  23:37  Marine x2  
  113  23:43  Missile Turret x2  
  113  23:46  SCV x2  
  113  23:47  SCV  
  116  23:49  Missile Turret  
  116  23:55  Marine x2, Command Center  
  118  24:01  Planetary Fortress  
  118  24:03  SCV x2  
  118  24:04  SCV  
  118  24:07  Refinery  
  118  24:09  Missile Turret  
  128  24:10  Battlecruiser x2  
  128  24:13  Marine x2  
  130  24:31  Marine x2  
  132  24:45  Missile Turret  
  132  24:48  Marine x2  
  130  25:05  Missile Turret, Battlecruiser  
  130  25:06  Marine x2  
  138  25:10  Refinery  
  138  25:11  SCV x4  
  142  25:23  SCV x2  
  142  25:24  Marine x2  
  145  25:28  Missile Turret  
  145  25:38  Refinery  
  145  25:42  Marine x2  
  147  25:47  Missile Turret  
  117  25:58  Battlecruiser x2  
  117  26:00  Marine x2  
  131  26:17  Marine x2  
  139  26:33  Battlecruiser  
  139  26:35  Marine x2  
  114  26:53  Marine x2  
  91  27:11  Marine x2  
  69  27:29  Marine  
  71  27:32  Battlecruiser  
  61  27:47  Marine  
  62  28:04  Marine  
  63  28:22  Marine  
  56  28:32  Widow Mine  
  54  28:35  Siege Tank  
  54  28:38  SCV x2  
  54  28:40  Marine  
  50  28:50  SCV  
  50  28:54  Widow Mine, SCV  
  48  28:58  Marine, Missile Turret x2  
  52  29:16  Marine  
Show
View Real Time Build Order
Export as new Build Order

TITOF Protoss 

Build Orders:  

Get SALT Encoding   

  12  0:00  Probe  
  13  0:13  Pylon  
  13  0:18  Probe  
  14  0:30  Probe  
  14  0:34  Forge  
  15  0:42  Probe (Chrono Boost)  
  16  0:51  Probe (Chrono Boost)  
  17  1:13  Pylon  
  17  1:14  Pylon  
  17  1:30  Pylon  
  17  1:33  Photon Cannon  
  17  1:35  Pylon  
  16  2:18  Probe  
  17  2:25  Pylon  
  17  2:30  Probe (Chrono Boost)  
  18  2:42  Gateway  
  18  2:43  Probe (Chrono Boost)  
  19  2:44  Assimilator  
  19  2:49  Probe (Chrono Boost)  
  20  2:57  Probe  
  21  2:59  Photon Cannon  
  21  3:08  Photon Cannon  
  21  3:09  Probe  
  21  3:21  Probe  
  21  3:25  Photon Cannon  
  22  3:29  Cybernetics Core  
  22  3:33  Probe  
  23  3:38  Assimilator  
  23  3:40  Nexus  
  23  3:42  Pylon  
  23  3:45  Probe  
  24  3:53  Pylon  
  24  4:03  Stalker (Chrono Boost)  
  26  4:14  Shield Battery  
  26  4:15  Probe  
  26  4:16  Warp Gate  
  27  4:25  Stalker  
  27  4:27  Probe  
  30  4:39  Probe, Stargate  
  31  4:48  Photon Cannon  
  31  4:55  Stalker  
  33  5:06  Probe (Chrono Boost)  
  35  5:07  Probe (Chrono Boost), Shield Battery  
  35  5:17  Probe x2 (Chrono Boost), Pylon  
  37  5:21  Probe (Chrono Boost), Oracle (Chrono Boost)  
  37  5:27  Stalker  
  43  5:34  Probe x2  
  45  5:37  Assimilator  
  45  5:45  Assimilator  
  45  5:46  Probe  
  45  5:47  Probe  
  47  5:50  Pylon  
  47  5:57  Stalker  
  47  5:58  Probe  
  47  5:59  Probe  
  51  6:05  Stargate  
  51  6:10  Probe  
  52  6:11  Probe  
  53  6:22  Phoenix  
  52  6:55  Phoenix x2  
  56  7:06  Probe (Chrono Boost)  
  58  7:11  Probe (Chrono Boost)  
  59  7:16  Probe (Chrono Boost)  
  59  7:20  Probe (Chrono Boost), Phoenix  
  59  7:21  Probe (Chrono Boost)  
  62  7:29  Phoenix  
  65  7:30  Probe  
  65  7:32  Probe  
  67  7:42  Probe  
  68  7:44  Phoenix  
  70  7:55  Nexus  
  70  7:56  Pylon  
  70  7:57  Pylon x2  
  70  7:58  Photon Cannon, Pylon x2  
  70  8:02  Assimilator  
  70  8:04  Photon Cannon  
  70  8:06  Photon Cannon, Assimilator  
  70  8:14  Phoenix x2  
  74  8:27  Photon Cannon  
  74  8:29  Photon Cannon  
  74  8:30  Shield Battery  
  74  8:32  Probe x2  
  76  8:39  Phoenix x2  
  80  8:44  Probe  
  79  9:01  Shield Battery  
  79  9:04  Phoenix  
  79  9:09  Phoenix  
  83  9:12  Photon Cannon  
  83  9:13  Photon Cannon  
  83  9:14  Photon Cannon  
  83  9:25  Fleet Beacon  
  83  9:27  Stargate  
  83  9:29  Phoenix  
  83  9:30  Stargate  
  85  9:33  Protoss Air Weapons Level 1  
  85  9:34  Phoenix  
  87  9:52  Probe x3  
  90  10:04  Probe  
  91  10:09  Anion Pulse-Crystals  
  91  10:10  Cybernetics Core  
  91  10:11  Void Ray (Chrono Boost)  
  91  10:12  Probe x2, Void Ray (Chrono Boost)  
  93  10:16  Probe  
  102  10:24  Probe x2  
  102  10:28  Probe  
  105  10:32  Pylon  
  105  10:34  Pylon  
  105  10:36  Nexus  
  105  10:37  Probe, Void Ray (Chrono Boost)  
  105  10:38  Probe  
  105  10:40  Probe  
  108  10:48  Void Ray (Chrono Boost)  
  108  10:49  Probe  
  113  10:50  Probe  
  113  10:52  Void Ray (Chrono Boost)  
  122  11:02  Protoss Air Armor Level 1 (Chrono Boost)  
  122  11:04  Shield Battery  
  120  11:13  Flux Vanes  
  110  11:23  Void Ray  
  110  11:24  Void Ray x2  
  122  11:41  Void Ray  
  122  11:42  Photon Cannon  
  122  11:43  Photon Cannon  
  122  11:44  Photon Cannon  
  122  11:47  Photon Cannon x2  
  126  11:57  Nexus  
  126  12:00  Pylon  
  126  12:01  Void Ray x2 (Chrono Boost)  
  126  12:02  Pylon  
  131  12:18  Void Ray (Chrono Boost)  
  131  12:19  Void Ray (Chrono Boost)  
  137  12:35  Void Ray (Chrono Boost)  
  139  12:54  Pylon x2  
  139  12:57  Pylon  
  139  13:03  Protoss Air Weapons Level 2 (Chrono Boost)  
  139  13:06  Void Ray  
  139  13:07  Protoss Air Armor Level 2  
  139  13:10  Pylon x2  
  139  13:11  Nexus  
  143  13:13  Assimilator  
  143  13:15  Pylon  
  143  13:16  Pylon  
  143  13:18  Assimilator  
  143  13:23  Void Ray x3  
  155  13:34  Photon Cannon  
  155  13:35  Photon Cannon  
  155  13:38  Photon Cannon  
  155  13:39  Photon Cannon  
  114  14:17  Void Ray  
  114  14:18  Void Ray x3  
  114  14:20  Photon Cannon  
  114  14:23  Photon Cannon  
  122  14:25  Photon Cannon  
  122  14:30  Photon Cannon  
  118  14:41  Probe x4  
  122  14:49  Shield Battery  
  122  14:50  Shield Battery  
  122  14:53  Probe x3, Shield Battery  
  122  14:54  Probe  
  122  14:55  Void Ray x2  
  122  14:56  Shield Battery  
  122  14:59  Shield Battery, Void Ray x2  
  126  15:05  Photon Cannon  
  126  15:06  Photon Cannon  
  142  15:10  Photon Cannon  
  89  15:32  Void Ray x2  
  87  15:36  Void Ray x2  
  103  16:09  Void Ray x2  
  103  16:13  Void Ray  
  111  16:19  Nexus  
  111  16:50  Void Ray  
  111  16:51  Void Ray x3  
  95  17:14  Photon Cannon  
  89  17:27  Void Ray  
  89  17:28  Void Ray  
  91  18:28  Carrier x2  
  103  18:55  Void Ray x2  
  110  19:26  Void Ray  
  113  20:50  Nexus  
  113  20:54  Pylon  
  113  20:56  Pylon  
  112  21:28  Carrier  
  118  22:04  Nexus  
  118  22:36  Carrier  
  61  24:15  Probe x2  
  63  24:27  Probe x2  
  65  24:36  Nexus  
  65  24:39  Probe x2  
  67  24:51  Probe x2  
  69  25:03  Probe x2  
  71  26:02  Pylon  
  71  26:11  Assimilator  
  71  26:16  Assimilator  
  71  26:17  Probe (Chrono Boost)  
  70  26:28  Probe (Chrono Boost)  
  66  26:35  Shield Battery  
  66  26:38  Shield Battery  
  66  27:09  Photon Cannon  
  62  27:19  Shield Battery  
  62  27:21  Shield Battery  
  54  27:29  Probe (Chrono Boost)  
  55  27:40  Probe (Chrono Boost)  
Tags
 
Add a new tag
Caveats
  • Supply blocks, unpowered buildings, or Contaminate may cause inaccurate times.
  • Supply counts are checked every 10 seconds.